 Dungeon Crawl Stone Soup version 0.27.1-35-g4d5d836560 (webtiles) character file.

Game seed: 13963183679235865390

291 cbfl8 the Skirmisher (level 6, -4/53 HPs)
             Began as a Ghoul Monk on July 9, 2022.
             Was a Believer of Yredelemnul.
             Slain by Ijyb (5 damage)
             ... on level 5 of the Dungeon.
             The game lasted 00:09:04 (4696 turns).

cbfl8 the Skirmisher (Ghoul Monk)                   Turns: 4696, Time: 00:09:05

Health: -4/53      AC: 11    Str: 17    XL:     6   Next: 32%
Magic:  5/5        EV:  8    Int:  5    God:    Yredelemnul [**....]
Gold:   207        SH:  0    Dex: 11    Spells: 5/5 levels left

rFire    . . .     SeeInvis .   t - +2 mace (vorpal)
rCold    + . .     Faith    .   (no shield)
rNeg     + + +     Spirit   .   q - +0 chain mail
rPois    ∞         Reflect  .   s - +0 helmet
rElec    .         Harm     .   (no cloak)
rCorr    .         Rampage  .   f - +0 pair of gloves
Will     .....                  (no boots)
Stlth    ..........             (no amulet)
HPRegen  0.00/turn              c - ring of flight
MPRegen  0.09/turn              (no ring)

@: brilliant, flying, inhibited regen
A: claws 1, cold resistance 1, negative energy resistance 3, inhibited
regeneration, torment resistance 2
a: Renounce Religion, Animate Remains, Recall Undead Slaves, Injury Mirror


You were on level 5 of the Dungeon.
You worshipped Yredelemnul.
Yredelemnul was pleased with you.
You visited 2 branches of the dungeon, and saw 6 of its levels.

You collected 207 gold pieces.

Inventory:

Hand Weapons
 a - a +1 hand axe
 t - a +2 vorpal mace (weapon)
Missiles
 h - 37 arrows
Armour
 b - a +0 robe
 e - a +0 ring mail
 f - a +0 pair of gloves (worn)
 q - a +0 chain mail (worn)
 r - a +0 scale mail
 s - a +0 helmet (worn)
Jewellery
 c - a ring of flight (left hand)
Scrolls
 d - a scroll of teleportation
 i - a scroll of enchant weapon
 k - 2 scrolls of identify {unknown}
 l - a scroll of fear {unknown}
 m - 2 scrolls of amnesia {unknown}
 n - a scroll of immolation {unknown}
 p - a scroll of fog {unknown}


   Skills:
 + Level 4.4 Fighting
 + Level 4.1 Axes
 + Level 0.2(2.5) Maces & Flails
 + Level 2.6 Armour
 + Level 3.5 Dodging
 + Level 2.6 Stealth


You had 5 spell levels left.
You didn't know any spells.
Your spell library was empty.

Dungeon Overview and Level Annotations

Branches:
Dungeon (5/15)             Temple (1/1) D:4

Altars:
Ashenzari
Dithmenos
Elyvilon
Fedhas
Gozag
Hepliaklqana
Kikubaaqudgha
Makhleb
Nemelex Xobeh
Okawaru
Sif Muna
Trog
Uskayaw
Wu Jian
Xom
Yredelemnul
The Shining One

Annotations:
D:5 Ijyb


Innate Abilities, Weirdness & Mutations

You thrive by killing the living.
You are immune to poison.
You have sharp fingernails.
Your flesh is cold resistant. (rC+)
You are immune to negative energy. (rN+++)
You do not regenerate when monsters are visible.
You are immune to unholy pain and torment.


Message History

* * * LOW HITPOINT WARNING * * *
You barely miss Ijyb.
Ijyb is almost dead.
The orc hits you but does no damage. Ijyb hits you but does no damage.
The adder bites you.
* * * LOW HITPOINT WARNING * * *
You hit Ijyb.
Ijyb is almost dead.
The adder barely misses you. The orc hits you but does no damage.
Ijyb hits you but does no damage. The adder barely misses you.
Ijyb hits you but does no damage. The orc hits you with a +0 club.
* * * LOW HITPOINT WARNING * * *
Okay, then.
You closely miss Ijyb.
Ijyb is almost dead.
The adder bites you.
* * * LOW HITPOINT WARNING * * *
The orc hits you with a +0 club.
* * * LOW HITPOINT WARNING * * *
Ijyb hits you but does no damage. The adder bites you but does no damage.
Okay, then.
It was a potion of cancellation.
You feel magically purged. The adder bites you but does no damage.
The orc completely misses you. Ijyb hits you but does no damage.
It was a potion of brilliance.
You feel clever all of a sudden. The adder closely misses you.
The orc hits you but does no damage. Ijyb hits you but does no damage.
You closely miss Ijyb.
Ijyb is almost dead.
The adder bites you but does no damage. The orc hits you but does no damage.
Ijyb closely misses you. The adder barely misses you.
You hit Ijyb but do no damage.
Ijyb is almost dead.
The adder barely misses you. The orc hits you but does no damage.
Ijyb hits you but does no damage. The adder bites you.
* * * LOW HITPOINT WARNING * * *
Ijyb hits you with a +1 dagger of venom.
You die...
Yredelemnul claims you as an undead slave.

###################
..................##
...................#
.###...###)..###...#
.# #...# #...# #...#
.###...###...###...#
...)...............#
...................#
................@S.#
.###...###...###go.##
. #...# #...# #....##
.
#...###...###.....##
...................#
...................#
...............#
###...###......# #...
#......#


You could see Ijyb, an adder and an orc.

Vanquished Creatures
  2 water moccasin skeletons (D:5)
  A centaur zombie (D:4)
  A hound (D:5)
  A centaur skeleton (D:5)
  A gnoll (D:5)
  An adder (D:2)
  A worm (D:2)
  3 dart slugs
  4 orcs
  8 ball pythons
  5 endoplasms
  2 giant cockroaches
  7 goblins
  5 hobgoblins
  4 jackals
  5 quokkas
  10 bats
  3 frilled lizards
  3 kobolds
  2 rats
69 creatures vanquished.

Notes
Turn   | Place    | Note
-------+----------+-------------------------------------------
     0 | D:1      | cbfl8 the Ghoul Monk began the quest for the Orb.
     0 | D:1      | Reached XP level 1. HP: 19/19 MP: 0/0
    93 | D:1      | Reached XP level 2. HP: 15/26 MP: 1/1
  1071 | D:1      | Reached XP level 3. HP: 31/31 MP: 2/2
  2060 | D:2      | Reached XP level 4. HP: 40/40 MP: 3/3
  2658 | D:3      | Found a hazy altar of Hepliaklqana.
  2729 | D:3      | Found a faded altar of an unknown god.
  3457 | D:4      | Reached skill level 1 in Armour
  3457 | D:4      | Reached XP level 5. HP: 34/46 MP: 4/4
  3641 | D:4      | Found a sparkling altar of Nemelex Xobeh.
  4000 | D:4      | Found a staircase to the Ecumenical Temple.
  4009 | Temple   | Entered the Ecumenical Temple
  4145 | Temple   | Became a worshipper of Yredelemnul the Dark
  4145 | Temple   | Reached * piety under Yredelemnul
  4145 | Temple   | Reached ** piety under Yredelemnul
  4225 | D:5      | Entered Level 5 of the Dungeon
  4438 | D:5      | Reached XP level 6. HP: 35/52 MP: 5/5
  4663 | D:5      | Noticed Ijyb
  4696 | D:5      | HP: 1/53 [adder (3)]
  4696 | D:5      | Slain by Ijyb

Illustrated notes

Levels and vault maps discovered:
D:1:      minmay_arrival_loop, layout_loops_ring
D:2:      layout_loops_ring
D:3:      layout_rooms, old_standard_altar,
          chequers_ecumenical_altar_simple_redux, minmay_misc_feat_hallway,
          corexii_shack
D:4:      layout_rooms, mainiacjoe_overflow_alcove_4, temple_hall
D:5:      layout_rooms, gammafunk_ghost_nasty_kobolds, kennysheep_boxes,
          uniq_ijyb
Temple:   regret_index_temple_waves

Skill      XL: |  1  2  3  4  5 |
---------------+----------------+-----
Dodging        | 3 |  3.5
Axes           | 3 4 |  4.1
Armour         | 1 2 |  2.6
Fighting       | 4 |  4.4
Maces & Flails | |  0.2
Stealth        | |  2.6

Action                   |  1- 3 |  4- 6 || total
-------------------------+-------+-------++-------
Melee: Hand axe          |   145 |   107 ||   252
       Mace              |       |    51 ||    51
  Use: Scroll            |       |     4 ||     4
       Potion            |       |     6 ||     6
 Stab: Sleeping          |     2 |       ||     2
Armor: Robe              |     5 |       ||     5
       Ring mail         |    90 |    32 ||   122
       Chain mail        |       |   139 ||   139
Dodge: Dodged            |   121 |   125 ||   246
